[Event "3rd VIZAG GM-Open 2022"]
[Site "Visakapatnam"]
[Date "2022.06.14"]
[Round "7.14"]
[White "Nguyen, Van Huy"]
[Black "Velpula Sarayu"]
[Result "0-1"]
[ECO "A49"]
[WhiteElo "2405"]
[BlackElo "1845"]
[Annotator "RC"]
[PlyCount "136"]
[EventDate "2022.06.13"]
[EventType "swiss"]
[EventCountry "IND"]
[SourceTitle "playchess.com"]
[Source "ChessBase"]
[SourceQuality "1"]
[TimeControl "5400+30"]

1. Nf3 Nf6 2. d4 g6 3. g3 Bg7 4. Bg2 O-O 5. O-O d6 6. a4 Nbd7 7. a5 a6 8. c4 c5 9. Nc3 Rb8 10. h3 b6 11. axb6 Qxb6 12. Na4 Qc7 13. d5 Nb6 14. Nd2 Nfd7 15. Qc2 a5 16. Nc3 Ba6 17. Ncb1 Rb7 18. Re1 Rbb8 19. Na3 e6 20. dxe6 fxe6 21. Ne4 Ne5 22. Nb5 Bxb5 23. cxb5 Nd5 24. Qa4 Nb6 25. Qc2 Nd5 26. Rd1 Nb4 27. Qa4 Nc4 28. Qb3 d5 29. Ng5 Qe7 30. e4 Bd4 31. Nf3 Qf6 32. exd5 exd5 33. Bf4 Bxb2 34. Bxb8 Bxa1 35. Ba7 Qe7 36. b6 Bf6 37. Rxd5 Nxd5 38. Qxc4 Rd8 39. Qb5 Qd7 40. Qxc5 a4 41. h4 Rc8 42. Qa5 Bc3 43. Ne5 Bxa5 44. Nxd7 Rc1+ 45. Kh2 Nxb6 46. Bxb6 Bxb6 47. Nxb6 a3 48. Bd5+ Kg7 49. Kg2 Rc5 50. Ba2 Rc2 51. Bd5 Rd2 52. Nc4 Rxf2+ 53. Kxf2 a2 54. Bf3 a1=Q 55. Nd2 Qd4+ 56. Ke2 Kf6 57. Ne4+ Ke5 58. Kf1 Qb2 59. Kg1 Kd4 60. Bg2 Ke3 61. Kh1 h6 62. Kh2 Qe5 63. Kh3 Qe6+ 64. Kh2 Qe5 65. Kh3 Qf5+ 66. g4 Qxe4 67. Bxe4 Kxe4 68. Kg3 Ke5 0-1

[Event "3rd VIZAG GM-Open 2022"]
[Site "Visakapatnam"]
[Date "2022.06.14"]
[Round "7.15"]
[White "Praloy Sahoo"]
[Black "Abdurakhmonov, Mukhammadali"]
[Result "0-1"]
[ECO "B51"]
[WhiteElo "2065"]
[BlackElo "2308"]
[Annotator "RC"]
[PlyCount "80"]
[EventDate "2022.06.13"]
[EventType "swiss"]
[EventCountry "IND"]
[SourceTitle "playchess.com"]
[Source "ChessBase"]
[SourceQuality "1"]
[TimeControl "5400+30"]

1. e4 c5 2. Nf3 d6 3. Bb5+ Nd7 4. O-O Ngf6 5. Re1 e6 6. c3 a6 7. Bd3 b5 8. c4 bxc4 9. Bxc4 Bb7 10. Nc3 Be7 11. Bb3 O-O 12. d3 Rc8 13. Bg5 h6 14. Bf4 Nb6 15. h3 d5 16. e5 Nfd7 17. Bc2 Re8 18. Bg3 Nb8 19. h4 Nc6 20. a3 a5 21. h5 Ba6 22. Kh1 Qc7 23. Ne2 Nd7 24. Bh2 Rb8 25. Qc1 Rb6 26. Rb1 Reb8 27. Bf4 Bf8 28. Kh2 Kh8 29. Kh3 Qb7 30. b3 a4 31. bxa4 Rxb1 32. Bxb1 Qb2 33. Nc3 Rb3 34. Nb5 Qxc1 35. Rxc1 Nb6 36. Bc2 Rb2 37. Nc7 Bc8 38. Bd2 d4 39. a5 Nd5 40. a6 Nxc7 0-1

[Event "3rd VIZAG GM-Open 2022"]
[Site "Visakapatnam"]
[Date "2022.06.14"]
[Round "7.16"]
[White "Aaryan Varshney"]
[Black "Setumadhav Yellumahanthi"]
[Result "1-0"]
[ECO "D02"]
[WhiteElo "2308"]
[BlackElo "1801"]
[Annotator "TA"]
[PlyCount "145"]
[EventDate "2022.06.13"]
[EventType "swiss"]
[EventCountry "IND"]
[SourceTitle "playchess.com"]
[Source "ChessBase"]
[SourceQuality "1"]
[TimeControl "5400+30"]

1. Nf3 d5 2. g3 Nd7 3. d4 Nb6 4. Bg2 Bf5 5. O-O e6 6. Nbd2 {[%emt 0:03:33] D02: 1 d4 d5 2 Nf3 sidelines, including 2...Nf6 3 g3 and 2...Nf6 3 Bf4.} Be7 7. c4 c6 8. b3 {[%emt 0:02:44] The position is equal.} h6 9. Bb2 Nf6 10. Ne5 O-O 11. Re1 {[%emt 0:01:30] [#]} Bh7 $146 ({Predecessor:} 11... a5 12. a3 Nbd7 13. e4 dxe4 14. Nxe4 Re8 15. Nxf6+ Bxf6 16. Qe2 Bxe5 17. dxe5 Nc5 {0-1 (38) Nagy,G (2495)-Le,T (2514) Chess.com INT 2020}) 12. e4 Bb4 13. exd5 exd5 14. a3 Bxd2 15. Qxd2 Nbd7 16. Qb4 Rb8 17. Bh3 a5 18. Qd6 {[%emt 0:13:21][%cal Re5d7] 0x0.000860f90760dp-1022s more active pieces. The black rooks are badly placed.} Nxe5 19. dxe5 (19. Qxe5 Re8 20. Qf4 Qb6 21. cxd5 Qxb3 $17) 19... Ne4 20. Qxd8 Rbxd8 21. cxd5 cxd5 22. Rad1 {[%emt 0:42:35] Prevents Nd2.} Nc5 23. Bd4 Ne6 24. Bb6 Rd7 25. Rd2 Ra8 26. Red1 (26. f4 $16) 26... Ra6 27. Be3 Be4 28. Bf1 (28. Bg2 $5 Rc7 29. b4 $14) 28... Ra8 29. Bg2 {[%emt 0:00:00] Black must now prevent Bxe4.} Bxg2 30. Kxg2 a4 31. bxa4 (31. b4 {keeps more tension.} Nc7 32. Bc5 Ra6 33. f4) 31... Rxa4 32. Rxd5 Rxd5 33. Rxd5 Rxa3 $14 {[%emt 0:00:01][%mdl 4096] Endgame KRB-KRN} 34. Rb5 Nd8 35. Bb6 Ne6 36. f4 g6 37. Bf2 Nd8 38. Bc5 Ra2+ 39. Kh3 h5 40. Be7 Rd2 (40... Ne6 $14) 41. Ra5 (41. Bf6 $16) 41... Ne6 $11 (41... Nc6 42. Ra8+ Kh7 43. Bf6 $18) 42. Ra8+ Kh7 43. Bf6 g5 $1 44. Bxg5 Nxg5+ 45. fxg5 {[%emt 0:00:01] KR-KR} Kg6 46. Rg8+ Kh7 47. Rb8 Rd7 (47... Rb2 $11) 48. e6 fxe6 49. Kh4 Kg6 50. Rg8+ Rg7 $2 (50... Kf7 $16 51. Rh8 Kg7) 51. Re8 (51. Rxg7+ $2 Kxg7 52. Kxh5 b5 $19) 51... Kf7 52. Rh8 (52. Rb8 $142 Kg6 53. Re8 (53. Rf8 Rf7 $16)) 52... Rg8 $18 (52... Kg6 $2 53. Rh6+ (53. Rxh5 Re7 $18) 53... Kf7 54. Rf6+ (54. Rxh5 b5 $16) 54... Kg8 55. Rxe6 $18) 53. Rh7+ ({Don't do} 53. Rxh5 $6 b5 $16) (53. Rxg8 Kxg8 54. h3 b5 55. Kxh5 b4 56. Kg6 b3 57. Kh5 b2 58. Kg4 b1=Q 59. Kf4 Qf5+ 60. Ke3 Qxh3 61. Kf3 Qf5+ 62. Ke3 e5 63. g4 Qf4+ 64. Kd3 Qd4+ 65. Ke2 e4 66. g6 Qd3+ 67. Kf2 Qf3+ 68. Kg1 e3 69. Kh2 e2 70. g7 e1=Q 71. g5 Qfh1#) 53... Rg7 54. Rh6 Rg6 {[%emt 0:00:36] Against Rf6+} 55. Rxh5 ({Don't go for} 55. Kxh5 $2 Rxh6+ 56. Kxh6 Kg8 $19) 55... Kg7 {[%emt 0:00:08] Prevents Rh7+.} (55... b5 56. Kg4 b4) 56. Kh3 $2 (56. Kg4 $18 {is the precise move to win.}) 56... b5 $16 {[%emt 0:00:16] [#]} 57. Kg2 $1 e5 {[%emt 0:00:42] [#]} 58. Rh4 $1 Rxg5 (58... Rb6 $16 {is a better defense.}) 59. Rb4 $18 e4 $2 (59... Kf6 60. Rxb5 Rg7) 60. Rxe4 Rc5 61. h4 $2 (61. Rb4 $18 Rc2+ 62. Kh3) 61... Rc2+ $2 (61... Rc7 $16 62. Rb4 Rb7) 62. Kh3 Rc4 63. Re6 {[%emt 0:00:47] Hoping for h5.} b4 64. Rb6 Rd4 65. h5 {[%emt 0:00:12][%cal Bh4h5,Bh5h6][%mdl 32] Strongly threatening g4.} Rc4 66. g4 Rd4 67. Kh4 (67. g5 $142 Rd3+ 68. Kg4 Rd4+ 69. Kf5 Rd5+ 70. Kf4 Rd4+ 71. Ke5) 67... Rc4 68. h6+ {[%emt 0:00:09] White mates.} Kh7 69. Kh5 Rc1 70. Rb7+ Kh8 71. g5 Rc5 72. h7 Rc1 73. Kh6 {[%emt 0:00:13] Weighted Error Value: White=0.20 (precise) /Black=0.20 (precise)} 1-0

[Event "3rd VIZAG GM-Open 2022"]
[Site "Visakapatnam"]
[Date "2022.06.14"]
[Round "7.17"]
[White "Baghdasaryan, Vahe"]
[Black "Harshit Ranjan Sahu"]
[Result "1-0"]
[ECO "B72"]
[WhiteElo "2267"]
[BlackElo "1645"]
[Annotator "NA RC"]
[PlyCount "91"]
[EventDate "2022.06.13"]
[EventType "swiss"]
[EventCountry "IND"]
[SourceTitle "playchess.com"]
[Source "ChessBase"]
[SourceQuality "1"]
[TimeControl "5400+30"]

1. e4 c5 2. Nf3 d6 3. d4 cxd4 4. Nxd4 Nf6 5. Nc3 g6 6. Be3 Bg7 7. h3 O-O 8. Bc4 Nc6 9. Bb3 Bd7 10. O-O Rc8 11. Re1 a6 12. Nf3 b5 13. Nd5 Nxd5 14. exd5 Na5 15. Bd4 Bxd4 16. Qxd4 f6 17. c3 Rf7 18. Re2 g5 $16 (18... Nc4 $14) 19. Rae1 Rg7 20. Nd2 Bf5 21. Nf1 Qc7 22. Ng3 Bg6 23. Qg4 Rf8 24. Re6 f5 25. Qxg5 f4 26. Nh5 Rf5 27. Qxf5 Bxf5 28. Nxg7 Bxe6 29. Nxe6 Qb7 30. Nxf4 Nxb3 31. axb3 a5 32. Re3 a4 33. b4 Qc7 34. g3 Qc4 35. Rxe7 Qb3 36. Re2 Kf7 37. Kg2 Kf6 38. h4 Kf7 39. g4 Kf6 40. Kg3 Qd1 41. g5+ Kf5 42. f3 Qb1 43. Re6 Qd1 44. Ng2 Qg1 45. f4 h5 46. gxh6 1-0

[Event "3rd VIZAG GM-Open 2022"]
[Site "Visakapatnam"]
[Date "2022.06.14"]
[Round "7.18"]
[White "Pawar, Harshit"]
[Black "Jubin Jimmy"]
[Result "0-1"]
[ECO "B15"]
[WhiteElo "1961"]
[BlackElo "2259"]
[Annotator "NA RC"]
[PlyCount "108"]
[EventDate "2022.06.13"]
[EventType "swiss"]
[EventCountry "IND"]
[SourceTitle "playchess.com"]
[Source "ChessBase"]
[SourceQuality "1"]
[TimeControl "5400+30"]

1. e4 c6 2. Nc3 d5 3. Nf3 g6 4. d4 Bg7 5. Be3 dxe4 6. Nxe4 Nf6 7. Nxf6+ exf6 8. Bc4 O-O 9. Qd2 Nd7 10. O-O Nb6 11. Bb3 Bg4 12. Ne1 Nd5 13. Bxd5 Qxd5 14. Nd3 Rfe8 15. Rfe1 Bf5 16. b3 Rad8 17. Nc5 Bc8 $11 18. c3 g5 19. f3 h6 20. Bf2 b6 21. Rxe8+ Rxe8 22. Re1 Rd8 23. Nd3 Be6 24. Qe2 Bf8 25. Nb4 Qd7 26. Nc2 Bf5 27. Ne3 Re8 28. Qd2 Be6 29. Qd3 Rd8 30. Rd1 f5 31. h4 f4 32. Nc4 f6 33. Re1 Bf5 34. Qe2 Kf7 35. Nd2 Re8 36. Ne4 g4 37. g3 h5 38. Kh2 Kg6 39. Qd1 Bh6 40. Nd2 gxf3 41. Qxf3 Bg4 42. Qd3+ Bf5 43. Qf3 Bg4 44. Qd3+ Bf5 45. Qf3 fxg3+ 46. Qxg3+ Kf7 47. Rxe8 Qxe8 48. Nc4 Qe2 49. Nd6+ Ke6 50. Nxf5 Kxf5 51. Qh3+ Ke4 52. Qg2+ Kd3 53. c4 Bf4+ 54. Kh3 Qe6+ 0-1

[Event "3rd VIZAG GM-Open 2022"]
[Site "Visakapatnam"]
[Date "2022.06.15"]
[Round "8.1"]
[White "Gusain, Himal"]
[Black "Audi Ameya"]
[Result "1/2-1/2"]
[ECO "C48"]
[WhiteElo "2396"]
[BlackElo "2389"]
[Annotator "TA"]
[PlyCount "69"]
[EventDate "2022.06.13"]
[EventType "swiss"]
[EventCountry "IND"]
[SourceTitle "playchess.com"]
[Source "ChessBase"]
[SourceQuality "1"]
[TimeControl "5400+30"]

1. e4 e5 2. Nf3 Nc6 3. Nc3 Nf6 4. Bb5 Nd4 5. Bc4 Nxf3+ 6. gxf3 {[%emt 0:13:00] C48: Four Knights: 4 Bb5, replies other than 4...Bb4.} g6 (6... Bc5 $11 {keeps the balance.}) 7. d4 $16 exd4 8. Qxd4 {[%emt 0:00:10] [#] Threatens to win with Bg5. White is better.} Bg7 {[%emt 0:01:43] [#]} 9. Qe5+ $146 (9. Bg5 {is more complex.} h6 10. Bh4 g5 11. Bg3) ({Predecessor:} 9. Bg5 h6 10. Be3 d6 11. O-O-O Nh5 12. Qd2 Qf6 13. Bb5+ Kf8 14. h4 a6 15. Be2 {1-0 (58) Rambaldi,F (2568)-Srebrnic,A (2199) Bergamo 2017}) 9... Kf8 10. Qf4 {[%emt 0:07:01] 0x0.001762ddbe32dp-1022s more active pieces. The black rooks are badly placed.} d6 11. Bd2 Qe7 12. O-O-O Be6 13. Bxe6 fxe6 14. e5 (14. Rhe1 $5 ) 14... dxe5 15. Qxe5 Nd5 16. Nxd5 Bxe5 $11 17. Nxe7 Kxe7 18. Bg5+ Ke8 19. Rde1 (19. Rhe1 $14 {deserves consideration.} Bd6 20. Rxe6+ Kd7 21. Re4) 19... Bd6 $1 20. Rxe6+ Kd7 21. Re4 Raf8 22. Bh4 Rxf3 23. Bg3 Re8 24. Rxe8 Kxe8 {[%emt 0:00:02][%mdl 4096] Endgame KRB-KRB} 25. Kd1 h5 26. Bxd6 cxd6 {[%emt 0:00:02] KR-KR} 27. Ke2 Rf5 28. Rd1 Ke7 29. Rd4 g5 30. h3 Ke6 31. Ke3 Re5+ 32. Kf3 Rf5+ 33. Ke3 Re5+ 34. Kf3 Rf5+ 35. Ke3 {[%emt 0:21:57] Weighted Error Value: White=0.08 (flawless) /Black=0.11 (very precise)} 1/2-1/2

[Event "3rd VIZAG GM-Open 2022"]
[Site "Visakapatnam"]
[Date "2022.06.15"]
[Round "8.2"]
[White "Amonatov, Farrukh"]
[Black "Paichadze, Luka"]
[Result "0-1"]
[ECO "B12"]
[WhiteElo "2622"]
[BlackElo "2567"]
[Annotator "TA"]
[PlyCount "114"]
[EventDate "2022.06.13"]
[EventType "swiss"]
[EventCountry "IND"]
[SourceTitle "playchess.com"]
[Source "ChessBase"]
[SourceQuality "1"]
[TimeControl "5400+30"]

1. e4 c6 2. d4 d5 3. e5 c5 4. dxc5 e6 5. a3 Bxc5 6. Qg4 {[%emt 0:00:58] B12: Caro-Kann: Advance Variation.} Ne7 7. Bd3 O-O $5 {[%emt 0:01:12][%mdl 4] A promising side line.} 8. Nf3 {[%emt 0:00:15][%cal Od3h7] Strongly threatening Bxh7+! The position is equal.} Ng6 9. O-O Nc6 10. Qh5 Qe8 11. Nc3 (11. Ng5 h6 12. Nf3 (12. Nxf7 $2 Ngxe5 13. Nxh6+ gxh6 $19) 12... Nd4 $11) 11... a6 (11... Bd7 $1 $11) 12. Bd2 $16 (12. Ng5 h6 13. Nf3 (13. Nxf7 $2 Ngxe5 14. Nxh6+ gxh6 $19) 13... Be7 $11) 12... Bd7 13. Rae1 (13. Ng5 h6 14. Nf3 f5 $11) 13... Nce7 14. h4 (14. Ng5 h6 $11) 14... f5 {[%emt 0:05:58][%cal Og6e5] Inhibits Qg4. aiming for ...Nxe5!} 15. exf6 (15. Ng5 h6 16. Nh3 Qb8 $17) (15. b4 Bb6 $11) 15... gxf6 {[%emt 0:00:04] [#]} 16. b4 $146 (16. Qg4 $1 $16) ({Predecessor:} 16. Qh6 Qf7 17. h5 Nh8 18. Be3 Bd6 19. Bf4 Bxf4 20. Qxf4 e5 21. Qh4 Qg7 22. Re3 {1-0 (46) Al Modiahki,M (2499)-Omolo,K (2053) Istanbul 2000}) 16... Ba7 17. Nh2 (17. Qh6 $11 Rf7 18. h5) 17... e5 $17 18. Ng4 Kh8 (18... Rc8 $1 $17 19. b5 axb5) 19. Bh6 $2 (19. Nxe5 $1 $11 fxe5 20. Rxe5) 19... Rf7 20. Bd2 Qc8 21. Nxf6 Rxf6 {[%emt 0:00:08] The board is on fire.} 22. Rxe5 Qg8 $2 (22... Bg4 $1 $19 23. Qg5 Qf8 $1) 23. Nxd5 $16 Nxd5 24. Rxd5 Bc6 25. Rg5 ({But not} 25. Bc3 $6 Qxd5 26. Bxf6+ Kg8 $11) 25... Rd8 26. Qg4 $2 ({White must play} 26. Rg4 $1 $16 {Bc3 is the strong threat.} Rd5 27. Bc3 $1 Rxh5 28. Bxf6+ Qg7 29. Bxg7+ Kxg7 30. Be4) 26... Bd4 $15 {[%emt 0:06:28] Against Bc3. White must now prevent ...Qf7.} 27. Qg3 {[%emt 0:04:55] [#] Black continues to play with concentration.} (27. h5 $2 Ne5 $1 28. Rxg8+ Rxg8 29. Qxg8+ Kxg8 $19) (27. Be3 $15 Bb2 28. Bb6) 27... Qf7 $1 $17 {[%emt 0:00:44] Black is more active.} 28. Bxg6 (28. Rg4 $17 Be5 29. f4) 28... Rxg6 $19 ({Inferior is} 28... hxg6 29. Bc3 $17) 29. Bc3 {[%emt 0:00:25] [#]} Bxc3 $1 30. Qxc3+ Qg7 31. Qe3 Re8 32. Qd2 h6 33. Rxg6 Qxg6 34. f3 Qf6 $40 {[%emt 0:00:14][%mdl 128] White is in trouble.} 35. Qf2 Rd8 36. Re1 Qf4 37. Qe2 (37. Re2 {was necessary.}) 37... Rd2 ({Stronger than} 37... Qxh4 38. c4 $17) 38. Qe3 Qxe3+ 39. Rxe3 Rxc2 {[%emt 0:00:06][%mdl 4096] Endgame KRB-KR} 40. Kh2 Kg7 41. Kh3 Rf2 42. Kg3 Rd2 43. Kh3 Kf6 44. g4 $2 (44. Kg3) 44... Bb5 45. Kg3 Rd3 46. Rxd3 Bxd3 {[%emt 0:00:02] KB-KP} 47. Kf4 Bc2 48. Ke3 Ke5 {[%emt 0:00:18] And now ...Bd1 would win.} 49. Kd2 {[%emt 0:00:57] Inhibits Bd1.} Ba4 {[%emt 0:00:40] ( -> ...Kf4)} 50. Ke3 Bd1 51. f4+ Ke6 {[%emt 0:00:09] Black mates.} 52. g5 h5 53. Kd4 Kf5 54. b5 axb5 55. Kc5 Bc2 56. Kxb5 Kxf4 57. Kb6 Kg4 {[%emt 0:00:40] Weighted Error Value: White=0.50/Black=0.21 (precise)} 0-1

[Event "3rd VIZAG GM-Open 2022"]
[Site "Visakapatnam"]
[Date "2022.06.15"]
[Round "8.3"]
[White "Harsha Bharathakoti"]
[Black "Mirzoev, Azer"]
[Result "1/2-1/2"]
[ECO "C43"]
[WhiteElo "2547"]
[BlackElo "2476"]
[Annotator "TA"]
[PlyCount "111"]
[EventDate "2022.06.13"]
[EventType "swiss"]
[EventCountry "IND"]
[SourceTitle "playchess.com"]
[Source "ChessBase"]
[SourceQuality "1"]
[TimeControl "5400+30"]

1. e4 e5 2. Nf3 Nf6 3. d4 Nxe4 4. Bd3 d5 5. Nxe5 Nd7 6. Nc3 Nxc3 7. bxc3 Nxe5 {[%emt 0:00:56] 7...Bd6 might become the main line.} 8. dxe5 Be7 9. O-O {[%emt 0:12:51][%cal Bh1f1,Bf1f2,Bf2d2][%mdl 32] 9.Qh5 is vanishing.} O-O {[%emt 0:01:57] C43: Petroff Defence: 3 d4.} 10. Rb1 b6 11. f4 f5 {[%emt 0:01:27] The position is equal.} 12. Be3 Be6 {[%emt 0:02:03] [#]} 13. Bb5 $146 ({Predecessor:} 13. Be2 c6 14. Bf3 b5 15. Qd3 a5 16. Qd2 Qd7 17. Ra1 Ba3 18. Rfb1 Qe7 19. Qf2 {0-1 (52) Yip,C (2412)-Kosteniuk,A (2504) Saint Louis 2020}) 13... c5 14. Rf2 Qc7 15. Rd2 Rad8 16. Be2 Rd7 17. Qf1 g6 18. Rbd1 h6 19. a4 Kh7 20. Bf3 Rfd8 $1 21. Kh1 h5 (21... g5 $11) 22. Qb5 $14 Kg7 23. g3 Kf7 24. Qe2 {[%emt 0:07:05] White is more active.} Kg7 25. Bf2 Bf8 26. Kg2 Kg8 27. h3 Qc8 28. Kh2 Qc7 29. Kg2 Qc8 $1 30. Qb5 Qc7 31. Qb3 Qb7 32. Qa2 {[%emt 0:00:59] [#] aiming for c4.} c4 33. Rb1 Qc6 34. Bd4 Rb7 35. Kh2 (35. a5 $5 ) 35... Rdd7 36. h4 Kf7 37. Rdd1 Be7 38. Rb2 Rb8 39. Kg2 Rdb7 40. Rdb1 Ke8 41. Kf2 a6 42. Ra1 Kf7 43. Kg2 Ke8 44. Kf2 Kf7 45. Ke2 Ke8 46. Ke3 Kf7 47. Rab1 Ke8 48. Kf2 Kf7 49. Kg2 Ke8 50. Be3 Kf7 51. Bf2 Ke8 52. Ra1 Kf7 53. Bd4 Ke8 54. Bf2 Kf7 55. Bd4 Ke8 56. Bf2 {[%emt 0:00:02] Weighted Error Value: White=0.16 (very precise) /Black=0.11 (very precise)} 1/2-1/2

[Event "3rd VIZAG GM-Open 2022"]
[Site "Visakapatnam"]
[Date "2022.06.15"]
[Round "8.4"]
[White "Neelotpal, Das"]
[Black "Savchenko, Boris"]
[Result "0-1"]
[ECO "C13"]
[WhiteElo "2431"]
[BlackElo "2524"]
[Annotator "RC"]
[PlyCount "88"]
[EventDate "2022.06.13"]
[EventType "swiss"]
[EventCountry "IND"]
[SourceTitle "playchess.com"]
[Source "ChessBase"]
[SourceQuality "1"]
[TimeControl "5400+30"]

1. e4 e6 2. d4 d5 3. Nc3 Nf6 4. Bg5 dxe4 5. Nxe4 Be7 6. Bxf6 gxf6 7. Nf3 f5 8. Nc3 a6 9. Qe2 b5 10. O-O-O b4 11. Na4 Qd5 12. Kb1 Nd7 13. Ne5 Nxe5 14. dxe5 Qb7 15. Qd2 h5 16. h4 Qe4 17. Be2 Qxg2 18. f3 Kf8 19. Qe3 Bb7 20. Nc5 f4 21. Nd7+ Ke8 22. Nf6+ Bxf6 23. Qd2 Qg6 24. exf6 Qxf6 25. Qxb4 Bd5 26. Qc5 Qe5 27. Bc4 Rb8 28. b3 c6 29. Bxd5 cxd5 30. Rhe1 Qf6 31. Rxd5 Qxh4 32. Qc6+ Kf8 33. Qd6+ Kg7 34. Rg1+ Kh6 35. Rd4 Qh2 36. Rgd1 Rbc8 37. R4d2 Qg3 38. Qe5 Qg5 39. Qe4 Qf5 40. Qe1 Rc3 41. Rd3 Rxd3 42. Rxd3 Rg8 43. Rd7 Qf6 44. Ra7 Qd4 0-1

[Event "3rd VIZAG GM-Open 2022"]
[Site "Visakapatnam"]
[Date "2022.06.15"]
[Round "8.5"]
[White "Ilamparthi A R"]
[Black "Stupak, Kirill"]
[Result "0-1"]
[ECO "B10"]
[WhiteElo "2121"]
[BlackElo "2440"]
[Annotator "TA"]
[PlyCount "146"]
[EventDate "2022.06.13"]
[EventType "swiss"]
[EventCountry "IND"]
[SourceTitle "playchess.com"]
[Source "ChessBase"]
[SourceQuality "1"]
[TimeControl "5400+30"]

1. e4 c6 2. d3 d5 3. Nd2 g6 4. g3 Bg7 5. Bg2 e5 6. Ngf3 Ne7 7. O-O O-O 8. c3 h6 {[%emt 0:10:43] B10: Caro-Kann: 2 d3 and 2 c4.} 9. Re1 {[%emt 0:02:04] [#]} dxe4 $146 ({Predecessor:} 9... Qc7 10. d4 exd4 11. Nxd4 Nd7 12. Qe2 Nc5 13. exd5 Nxd5 14. N2b3 Ne6 15. Bxd5 cxd5 16. Be3 {1-0 (40) Vachier Lagrave,M (2703)-Vovk,Y (2539) Warsaw 2010}) 10. dxe4 Be6 {[%emt 0:00:13] The position is equal.} 11. Qe2 Nd7 12. Rd1 Qc7 13. b3 b5 14. Ba3 Rfe8 15. Nf1 a5 16. Ne3 Nc8 17. h4 Nf6 18. Qc2 Ng4 19. Nxg4 Bxg4 20. Bc5 Nb6 21. Rd2 a4 22. Rad1 Qb7 23. Rd3 axb3 24. axb3 Nd7 25. Be3 Bf8 26. Qd2 (26. Rc1 $11) 26... Nf6 $17 27. Bxh6 (27. Qc1 $17) 27... Nxe4 $19 28. Qe3 {[%emt 0:00:11] [#]} Nxf2 $1 29. Kxf2 {[%emt 0:07:42] Bxf8 is the strong threat.} e4 30. Bxf8 {[%emt 0:00:16][%cal Oe3h6] Hoping for Qh6!} exf3 $2 (30... exd3 $19 31. Qd4 Ra2+ 32. Kf1 (32. Rd2 $2 Re2+ 33. Kg1 Kxf8 $19) 32... Kxf8 33. Qh8+ Ke7 34. Qe5+ Kd8 35. Rxd3+ Bd7) 31. Qd4 $11 Re2+ 32. Kg1 Rxg2+ 33. Kh1 Rxf8 {[%emt 0:00:00] The board is on fire.} (33... Kxf8 $2 34. Qf6 (34. Qxg4 c5 $17) (34. Qh8+ Ke7 $11) 34... Qc8 35. Rd8+ Qxd8 36. Rxd8+ Rxd8 37. Qxd8+ Kg7 38. Qd4+ Kg8 39. Qxg4 $18) 34. Qxg4 c5 35. Qxf3 (35. h5 {looks sharper.} Re2 36. Qxf3 Qxf3+ 37. Rxf3 gxh5 38. Rf5) 35... Qxf3 36. Rxf3 {[%emt 0:00:02][%mdl 4096] Endgame KRR-KRR} Rb2 37. Rd5 (37. c4 $11 {keeps the balance.}) 37... Re8 $17 38. Kg1 Re1+ $1 ({Inferior is} 38... Rxb3 39. Rxc5 b4 40. Kg2 $11) 39. Rf1 Ree2 40. Rf3 $2 (40. Rc1 $17) 40... Rg2+ $1 $19 ({Stronger than} 40... Rxb3 41. Rxc5 Rb1+ 42. Rf1 $17) 41. Kh1 Rgc2 42. Kg1 b4 $2 ({Weaker is} 42... Rxb3 43. Rxc5 Rb1+ 44. Rf1 $17) (42... Rc1+ $19 {and Black stays clearly on top.} 43. Rf1 Rxc3) 43. Rxc5 $2 (43. Rd8+ $17 Kg7 44. cxb4) 43... bxc3 44. Rc8+ Kg7 45. Rc7 Rc1+ 46. Rf1 Rxf1+ 47. Kxf1 {[%emt 0:00:01] KR-KR} c2 $1 48. Ke1 {[%emt 0:00:01][%cal Ob3b4] [#]} Rb1+ $1 49. Kd2 Rxb3 50. Rxc2 (50. g4 $142 Rb4 51. g5) 50... Rxg3 {[%emt 0:00:02] ( -> ...Rg2+)} 51. Rc4 {[%emt 0:00:01] [#]} Kh6 $1 52. Ke2 Kh5 (52... Rh3 $142 53. Kf2 f5) 53. Kf2 Ra3 54. Rc7 f5 55. Rh7+ Kg4 56. Rh6 Ra2+ 57. Kg1 Ra6 {[%emt 0:00:21] Black mates.} 58. h5 Ra1+ 59. Kf2 Ra2+ 60. Ke3 f4+ 61. Ke4 Re2+ 62. Kd3 Re3+ 63. Kd2 gxh5 64. Rg6+ Kf3 65. Rh6 Re5 66. Rh7 Kf2 67. Rf7 Rd5+ 68. Kc3 f3 69. Kc2 h4 70. Rf8 Rg5 71. Kd2 h3 72. Rh8 Kg2 73. Ke3 f2 {[%emt 0:00:07] Weighted Error Value: White=0.86/Black=0.28 (precise)} 0-1

[Event "3rd VIZAG GM-Open 2022"]
[Site "Visakapatnam"]
[Date "2022.06.15"]
[Round "8.6"]
[White "Fedorov, Alexei"]
[Black "Aaryan Varshney"]
[Result "1/2-1/2"]
[ECO "A08"]
[WhiteElo "2529"]
[BlackElo "2308"]
[Annotator "TA"]
[PlyCount "74"]
[EventDate "2022.06.13"]
[EventType "swiss"]
[EventCountry "IND"]
[SourceTitle "playchess.com"]
[Source "ChessBase"]
[SourceQuality "1"]
[TimeControl "5400+30"]

1. e4 c5 2. d3 Nc6 3. g3 d5 4. Nd2 Nf6 5. Bg2 e5 6. Ngf3 Be7 7. O-O O-O 8. c3 d4 9. c4 {[%emt 0:09:36] A08: King's Indian Attack.} (9. Nc4 $11) 9... Ne8 10. Ne1 Nd6 {[%emt 1:13:48] [#]} 11. Nb3 $146 {[%emt 0:05:34] Black is slightly better.} ({Predecessor:} 11. f4 a6 12. Ndf3 exf4 13. gxf4 f5 14. e5 Nf7 15. Bd2 h6 16. Nc2 Be6 17. Rb1 {½-½ (43) Kuzmicz,K (2461)-Huschenbeth,N (2620) Katowice 2019}) 11... b6 12. f4 a6 13. Nf3 f6 14. f5 Nf7 15. Nbd2 b5 16. g4 Nd6 17. b3 Nb4 18. Ne1 bxc4 (18... a5 $15) 19. bxc4 Bd7 20. h4 Nf7 21. Rf3 Qa5 22. a4 (22. a3 $11 Nc6 23. Nb3) 22... Rab8 23. Rg3 g5 24. Rh3 h6 25. Nf1 Nd6 26. Nf3 Nf7 27. Ng3 Rb7 28. Bf1 Rfb8 29. Qe2 Nc6 30. Bd2 {[%emt 0:02:56] Against Qc3} Qd8 31. Qh2 Bf8 32. Nh5 (32. hxg5 $11 fxg5 33. Bc1) 32... Rb2 $15 33. Be2 Nb4 (33... Rb1+ $15 34. Rxb1 Rxb1+ 35. Bf1 Be8 36. hxg5 hxg5) 34. Rf1 (34. hxg5 $1 $11 {remains equal.} fxg5 35. Bf1) 34... Bd6 35. Ng3 Bf8 $1 (35... Bxa4 $2 36. hxg5 Rxd2 37. g6 Rxe2 38. Nxe2 $18) 36. Nh5 Bd6 (36... Bxa4 $15 37. Ra1 Na2 38. hxg5 fxg5) 37. Ng3 $11 {[%emt 0:01:10] [#] Black must now prevent hxg5.} Bf8 {[%emt 0:00:05] Weighted Error Value: White=0.17 (very precise) /Black=0.18 (very precise)} (37... Bxa4 $2 38. hxg5 Rxd2 39. g6 Rxe2 40. Nxe2 $18) 1/2-1/2